 Dungeon Crawl Stone Soup version 0.30.0-29-ga12c61a403 (webtiles) character file.

Game seed: 16320313157594361664

37 qw the Chopper (level 3, 0/23 HPs)
             Began as a Gargoyle Fighter on June 6, 2023.
             Slain by a gnoll
             ... wielding a +0 halberd
              (11 damage)
             ... on level 2 of the Dungeon.
             The game lasted 00:00:34 (912 turns).

qw the Chopper (Gargoyle Fighter)                    Turns: 912, Time: 00:00:34

Health: 0/23       AC: 11    Str: 21    XL:     3   Next: 39%
Magic:  3/3        EV:  3    Int:  8    God:
Gold:   54         SH: 11    Dex:  9    Spells: 2/2 levels left

rFire   . . .        Y - +0 war axe
rCold   . . .        f - +0 tower shield
rNeg    + . .        b - +0 scale mail
rPois   inf          (no helmet)
rElec   +            (no cloak)
rCorr   .            j - +0 pair of gloves
SInv    .            (no boots)
Will    .....        (no amulet) Stlth
                     (no ring)
HPRegen 0.23/turn    (no ring)
MPRegen 0.08/turn

%: no passive effects
@: constricted
A: sickness immunity, AC +3, negative energy resistance 1, electricity
resistance, torment resistance 1, petrification resistance
a: no special abilities


You were on level 2 of the Dungeon.
You visited 1 branch of the dungeon, and saw 2 of its levels.

You collected 54 gold pieces.


Innate Abilities, Weirdness & Mutations

You are immune to sickness and miasma.
Your stone body is resilient. (AC +3)
You are immune to poison.
You resist negative energy. (rN+)
You are resistant to electric shocks. (rElec)
You are resistant to unholy torment.
You are immune to petrification.


   Skills:
 - Level 3.2 Fighting
 - Level 3.3 Axes
 - Level 3.2 Armour
 + Level 3.2 Shields


You had 2 spell levels left.
You didn't know any spells.
Your spell library was empty.

Inventory:

Hand Weapons
 i - a +0 club
 Y - a +0 war axe (weapon)
Armour
 b - a +0 scale mail (worn)
 f - a +0 tower shield (worn)
 j - a +0 pair of gloves (worn)
Scrolls
 a - a scroll of identify
 c - a scroll of amnesia {unknown}
Potions
 d - 2 potions of might
 g - a potion of curing
 k - a potion of attraction

Dungeon Overview and Level Annotations

Branches:
Dungeon (2/15)

Altars:


Message History

g - a potion of curing;
877 ||| IDENTIFYING puce potion Done exploring.
878 ||| READING 3 scrolls of identify.
As you read the scroll of identify, it crumbles to dust.
h - a potion of berserk rage;
878 ||| IDENTIFYING fuming pink potion Done exploring.
879 ||| READING 2 scrolls of identify.
As you read the scroll of identify, it crumbles to dust.
k - a potion of attraction;
879 ||| IDENTIFYING cyan potion Done exploring.
880 ||| DROPPING potion of berserk rage.
You drop a potion of berserk rage.
Done exploring.
(D) Dungeon
Where to? (* - list waypoints, ? - help)
What level of the Dungeon? (default 1, ? - help)
There is a stone staircase leading down here.
You climb downwards.
There is a stone staircase leading up here.
Waypoint 1 assigned to D:2.
c - a scroll labelled UFOUTI VACAM A ball python and an adder come into view.
The ball python hisses angrily.
A gnoll comes into view. It is wielding a +0 halberd.
The gnoll shouts!
You hear a shout!
A worm comes into view.
A gnoll comes into view. It is wielding a +0 spear.
The gnoll shouts!
You block the adder's attack. x2
You barely miss the adder. The adder bites you.
The ball python closely misses you. x2
The adder barely misses you.
You miss the adder. You closely miss the ball python.
The gnoll hits you from afar with a +0 halberd!
Ouch! That really hurt!
The ball python barely misses you. You block the ball python's attack.
The adder bites you but does no damage. x2; The ball python barely misses you.
The ball python grabs you. The ball python constricts you.
The gnoll hits you from afar with a +0 halberd!
You die...

# #.#.#.#...
.....#.#.#.###
#.###.#.....
.# #.....#..#
...##......#
......####.#
...........#
...........#
......S@...#
##...[S....#
#...g.....#
#...g.....#
#.........#
...#######+#
#.. ..


You could see 2 gnolls, an adder and a ball python.

Vanquished Creatures
  A dart slug (D:1)
  3 endoplasms (D:1)
  A giant cockroach (D:1)
  4 goblins (D:1)
  4 hobgoblins (D:1)
  4 jackals (D:1)
  2 kobolds (D:1)
  5 quokkas (D:1)
  2 ball pythons (D:1)
  2 rats (D:1)
28 creatures vanquished.

Notes
Turn   | Place    | Note
-------+----------+-------------------------------------------
     0 | D:1      | qw the Gargoyle Fighter began the quest for the Orb.
     0 | D:1      | Reached XP level 1. HP: 14/14 MP: 1/1
     0 | D:1      | 0 ||| qw: Version: 0.2-a-108-gee2c290
     0 | D:1      | 0 ||| qw: Game counter: 1526
     0 | D:1      | 0 ||| qw: Always use a shield: true
     0 | D:1      | 0 ||| qw: God list: Okawaru
     0 | D:1      | 0 ||| qw: Allow faded altars: false
     0 | D:1      | 0 ||| qw: Do Orc after D:15 true
     0 | D:1      | 0 ||| qw: Do second Lair branch before Depths: true
     0 | D:1      | 0 ||| qw: Lair rune preference: random
     0 | D:1      | 0 ||| qw: Plans: Normal, Zot:1-4, Slime:5, God:TSO, Crypt,
                  | Tomb, Abyss, Pan, Hells, Win
     0 | D:1      | 0 ||| PLANNING D:1-11
   181 | D:1      | Reached XP level 2. HP: 19/19 MP: 2/2
   289 | D:1      | 289 ||| Stepping ~*~*~tactically~*~*~ (stealth).
   434 | D:1      | Reached skill level 3 in Axes
   449 | D:1      | 449 ||| Stepping ~*~*~tactically~*~*~ (hiding).
   461 | D:1      | Reached XP level 3. HP: 23/23 MP: 3/3
   558 | D:1      | 558 ||| Stepping ~*~*~tactically~*~*~ (stealth).
   589 | D:1      | 589 ||| FLEEEEING.
   859 | D:1      | 859 ||| UPGRADING to +0 tower shield.
   869 | D:1      | 869 ||| DROPPING +0 buckler.
   870 | D:1      | 870 ||| UPGRADING to +0 pair of gloves.
   875 | D:1      | 875 ||| READING 5 scrolls labelled UPA FAHOUSHREUPT.
   876 | D:1      | 876 ||| READING scroll labelled VEOPYAF MOLUUS.
   877 | D:1      | 877 ||| READING 4 scrolls of identify.
   877 | D:1      | 877 ||| IDENTIFYING puce potion
   878 | D:1      | 878 ||| READING 3 scrolls of identify.
   878 | D:1      | 878 ||| IDENTIFYING fuming pink potion
   879 | D:1      | 879 ||| READING 2 scrolls of identify.
   879 | D:1      | 879 ||| IDENTIFYING cyan potion
   880 | D:1      | 880 ||| DROPPING potion of berserk rage.
   912 | D:2      | Slain by a gnoll

Levels and vault maps discovered:
D:1:      dpeg_arrival_rooms_b, layout_loops_corners
D:2:      layout_basic, basic_altar

Skill      XL: |  1  2 |
---------------+-------+-----
Axes           | 2 3 |  3.3
Fighting       | |  3.2
Armour         | |  3.2
Shields        | |  3.2

Action                     || total
---------------------------++-------
  Melee: War axe           ||    98
    Use: Scroll            ||     5
 Armour: Scale mail        ||    41
  Dodge: Dodged            ||    52
  Block: Buckler           ||    19
         Tower shield      ||     3

Table legend:
 A = Non-vault XP
 B = Vault XP
 C = Vault XP percentage of total XP
 D = Non-vault monster count
 E = Vault monster count
 F = Vault count percentage of total count
                 A         B        C        D         E       F
            +---------+---------+-------+---------+---------+-------
      Total |      53 |       0 |   0.0 |      28 |       0 |   0.0
            +---------+---------+-------+---------+---------+-------
        D:1 |      53 |       0 |   0.0 |      28 |       0 |   0.0
            +---------+---------+-------+---------+---------+-------
